 Dungeon Crawl Stone Soup version 0.21.1-1-g345015fe64 (webtiles) character file.

209 Gargoyl the Skirmisher (level 5, 0/69 HPs)
             Began as a Centaur Abyssal Knight on May 23, 2018.
             Was a Believer of Lugonu.
             Succumbed to a kobold's poison
             ... in a sewer.
             The game lasted 00:06:26 (3284 turns).

Gargoyl the Skirmisher (Centaur Abyssal Knight)     Turns: 3284, Time: 00:06:26

Health: 0/69       AC: 22    Str: 14    XL:     5   Next: 55%
Magic:  7/7        EV:  1    Int: 11    God:    Lugonu [**....]
Gold:   106        SH:  0    Dex: 10    Spells: 4/4 levels left

rFire    . . .     SeeInvis .   d - +0 broad axe
rCold    . . .     Gourm    .   (no shield)
rNeg     + + +     Faith    .   (armour currently unavailable)
rPois    +         Spirit   .   (helmet currently unavailable)
rElec    .         Reflect  .   (cloak currently unavailable)
rCorr    .         Harm     .   (gloves currently unavailable)
MR       +....     NoTele   +   (no barding)
Stlth    +.........             (no amulet)
HPRegen  0.21/turn              e - ring of protection from magic
MPRegen  0.10/turn              b - ring of flight

@: lethally poisoned (0 -> -2), tree-form, very slightly contaminated, invisible
A: large
a: Depart the Abyss, Bend Space, Renounce Religion


You were in a sewer.
You worshipped Lugonu.
Lugonu was pleased with you.
You were not hungry.
You were a tree.
You visited 1 branch of the dungeon, and saw 3 of its levels.
You visited the Abyss 1 time.
You also visited: Sewer.

You collected 106 gold pieces.

Inventory:

Hand Weapons
 a - a +1 hand axe
 d - a +0 broad axe (weapon)
Missiles
 k - 7 tomahawks (quivered)
Armour
 g - a +0 ring mail (melded)
Jewellery
 b - a ring of flight (right branch)
 e - a ring of protection from magic (left branch)
Potions
 f - a potion of agility
 h - a potion of might
Comestibles
 c - 5 rations
 j - 14 chunks of flesh


   Skills:
 + Level 4.0 Fighting
 + Level 3.1 Axes
 * Level 2.4 Armour
 + Level 1.2 Dodging
 * Level 3.1 Invocations


You had 4 spell levels left.
You didn't know any spells.

Dungeon Overview and Level Annotations

Branches:
Dungeon (3/15)

Altars:
Ru
Xom


Innate Abilities, Weirdness & Mutations

((You have hooves in place of feet.))
((Armour fits poorly on your strangely shaped body.))
((You cover ground very quickly.))
((You have extremely tough skin. (AC +3)))


Message History

The big kobold is heavily wounded.
You feel sick. The big kobold hits you.
* * * LOW HITPOINT WARNING * * *
It was a potion of invisibility.
You fade into invisibility!
The big kobold closely misses you.
You are very lightly contaminated with residual magic.
It was a potion of lignification.
You turn into a tree.
Your +0 ring mail melds into your body.
Your roots penetrate the ground.
You feel sick.
The big kobold hits you but does no damage.
You miss the big kobold.
The big kobold is heavily wounded.
The big kobold hits you.
* * * LOW HITPOINT WARNING * * *
The big kobold hits you.
* * * LOW HITPOINT WARNING * * *
You barely miss the big kobold.
The big kobold is heavily wounded.
You die...

#≈# #≈# #### #≈#
##..## #≈#
##.≈..#########≈##
#.≈≈≈.#..†(((.≈≈.#####
#..≈..#..≈≈≈≈..≈≈..≈..
#....)#≈≈≈≈≈≈≈≈≈≈≈≈≈≈≈
#....♣K(≈≈≈≈≈≈≈≈≈≈≈≈≈≈
##...)#≈≈≈≈≈≈≈≈≈≈≈≈≈≈≈
#.#...#.≈≈≈≈≈≈≈.≈.....
#.
##.##..≈≈≈...≈.###.# #
############### #∩#
###


You could see a big kobold.

Vanquished Creatures
  2 orc wizards
  4 gnolls
  2 adders (D:2)
  An ooze (D:2)
  3 worms
  A dart slug (D:3)
  2 leopard geckos
  6 orcs
  2 bats (D:2)
  6 giant cockroaches
  5 hobgoblins
  7 jackals
  2 quokkas
  5 ball pythons
  14 frilled lizards
  5 goblins
  11 kobolds
  10 rats
88 creatures vanquished.

Notes
Turn   | Place    | Note
-------+----------+-------------------------------------------
     0 | Abyss:1  | Gargoyl the Centaur Abyssal Knight began the quest for the Orb.
     0 | Abyss:1  | Reached XP level 1. HP: 19/19 MP: 2/2
    11 | Abyss:1  | Found a corrupted altar of Lugonu.
    30 | Abyss:2  | Noticed a flying skull
    47 | D:1      | Escaped the Abyss
   147 | D:1      | Reached * piety under Lugonu
   154 | D:1      | Reached XP level 2. HP: 23/26 MP: 3/3
   830 | D:1      | Reached XP level 3. HP: 29/31 MP: 4/4
  1311 | D:2      | Reached XP level 4. HP: 14/40 MP: 5/5
  1553 | D:2      | Reached skill level 1 in Dodging
  1794 | D:2      | Reached ** piety under Lugonu
  2159 | D:2      | Found a sacrificial altar of Ru.
  2258 | D:2      | Reached XP level 5. HP: 28/46 MP: 7/7
  2508 | D:2      | Found a shimmering altar of Xom.
  2511 | D:2      | Paralysed by an orc for 5 turns
  3119 | D:3      | Reached skill level 4 in Fighting
  3155 | D:3      | Found a glowing drain.
  3192 | Sewer    | Entered a sewer
  3283 | Sewer    | HP: 3/69 [big kobold (3)]
  3283 | Sewer    | HP: 1/69 [big kobold (2)]
  3284 | Sewer    | Succumbed to a kobold's poison

Skill      XL: |  1  2  3  4  5 |
---------------+----------------+-----
Axes           | 2 3 |  3.1
Armour         | 2 |  2.4
Dodging        | 1 |  1.2
Invocations    | 3 |  3.1
Fighting       | 4 |  4.0

Action                   |  1- 3 |  4- 6 || total
-------------------------+-------+-------++-------
Melee: Broad axe         |    89 |   140 ||   229
       Kick              |    11 |    24 ||    35
       Hand axe          |       |    16 ||    16
Invok: Depart the Abyss  |     1 |       ||     1
  Use: Scroll            |     1 |     4 ||     5
       Potion            |       |     6 ||     6
  Eat: Chunk             |     1 |     2 ||     3
       Ration            |       |     1 ||     1
Armor: Leather armour    |    55 |    55 ||   110
       Ring mail         |       |    54 ||    54
       Skin              |       |     1 ||     1
Dodge: Dodged            |    57 |   117 ||   174
